AoeStats
← Negative Interest

Nomad

504862211Analyzed
4v4 RM · 27d ago on Sep 6, 2026· 50m 6s· 8 players
Game mode
Random Map
Map size
231×231
Population
200
Speed
Normal
Resources
Standard
Victory
Conquest
Starting age
Dark Age
Ending age
Imperial Age
RankedLock teamsTeams togetherTeam positionsShared explorationLock speedFull tech treeHidden civsTurbo modeCheats
Victory
Defeat
🇮🇹 Japanese · Italy
958
+14
950
+14
🇵🇪 Huns · Peru
932
+38
🇩🇪 Romans · Germany
917
+16
🇺🇸 Aztecs · United States
966
-39
🇦🇷 Franks · Argentina
921
-15
902
-14
🇺🇸 Slavs · United States
874
-17
Nobody
7:05 Loom
14:14 Feudal Age
15:05 Double-Bit Axe
15:40 Man-at-Arms
17:25 Horse Collar
19:42 Forging
20:52 Scale Mail Armor
21:34 Bloodlines
24:48 Wheelbarrow
26:28 Scale Barding Armor
30:18 Castle Age
31:25 Husbandry
32:02 Iron Casting
30:58 Light Cavalry
31:34 Pikeman
33:34 Long Swordsman
34:15 Squires
34:17 Husbandry
34:40 Ballistas
43:41 Gold Mining
44:10 Hand Cart
46:46 Chain Mail Armor
49:42 Chain Mail Armor
52:01 Imperial Age
Kamawatsu
7:03 Loom
16:10 Feudal Age
18:11 Wheelbarrow
20:58 Castle Age
19:54 Fishing Lines
20:33 Double-Bit Axe
22:54 Forging
24:14 Iron Casting
24:22 Bloodlines
25:29 Scale Barding Armor
27:58 Bow Saw
29:35 Chain Barding Armor
30:54 Husbandry
31:31 Horse Collar
34:07 Gillnets
37:21 Imperial Age
35:34 Hand Cart
35:48 Gold Mining
36:02 Heavy Plow
37:35 Cavalier
38:20 Scale Mail Armor
38:11 Fletching
40:35 Two-Man Saw
40:26 Gold Shaft Mining
40:12 Town Watch
40:18 Pikeman
42:28 Blast Furnace
41:12 Halberdier
42:18 Gambesons
43:49 Scale Mail Armor
44:26 Squires
44:43 Chain Mail Armor
46:37 Conscription
47:06 Town Patrol
46:39 Elite Samurai
47:12 Arson
47:31 Stone Mining
50:06 Plate Mail Armor
49:33 Light Cavalry
Mario Monti per l'Italia
7:00 Loom
18:25 Feudal Age
22:50 Castle Age
22:42 Double-Bit Axe
22:40 Horse Collar
22:55 Pikeman
23:46 Gambesons
24:07 Scale Mail Armor
28:43 Squires
40:37 Imperial Age
40:36 Forging
40:52 Gold Mining
42:08 Wheelbarrow
41:19 Town Watch
43:17 Gold Shaft Mining
43:46 Scale Barding Armor
43:32 Fletching
44:19 Iron Casting
44:12 Halberdier
46:02 Conscription
46:54 Chain Mail Armor
47:40 Blast Furnace
47:01 Chain Barding Armor
48:47 Bagains
49:34 Bow Saw
Negative Interest
16:34 Feudal Age
16:58 Man-at-Arms
23:27 Double-Bit Axe
30:18 Fishing Lines
34:37 Gold Mining
37:18 Castle Age
37:02 Bloodlines
38:42 Gold Shaft Mining
38:28 Bow Saw
40:45 Gold Shaft Mining
45:39 Wheelbarrow
Vengefulone
19:48 Feudal Age
18:05 Loom
20:21 Double-Bit Axe
22:21 Wheelbarrow
21:32 Town Watch
23:13 Horse Collar
32:31 Stone Mining
33:24 Gold Mining
36:12 Castle Age
35:27 Fletching
35:37 Scale Mail Armor
37:18 Bodkin Arrow
37:40 Chain Mail Armor
37:38 Forging
38:10 Gold Shaft Mining
38:31 Squires
37:52 Man-at-Arms
37:52 Pikeman
39:24 Hand Cart
39:10 Town Patrol
39:21 Heavy Plow
39:37 Bow Saw
40:28 Long Swordsman
41:50 Iron Casting
43:11 Murder Holes
43:28 Masonry
只会种田别打我
9:53 Loom
15:21 Feudal Age
19:36 Fishing Lines
22:36 Castle Age
20:23 Fishing Lines
26:31 Grand Trunk Road
27:42 Bloodlines
27:33 Husbandry
29:42 Scale Barding Armor
34:36 Chain Barding Armor
34:27 Forging
35:15 Ballistics
35:07 Double-Bit Axe
35:58 Gold Mining
40:59 Wheelbarrow
Landlord of Lead
6:16 Loom
16:20 Feudal Age
16:37 Man-at-Arms
18:53 Arson
23:23 Double-Bit Axe
23:21 Horse Collar
25:26 Forging
25:24 Scale Mail Armor
25:18 Stone Mining
25:22 Gold Mining
26:51 Fletching
32:56 Castle Age
Ultra cogolloo
4:43 Loom
17:55 Feudal Age
19:21 Wheelbarrow
20:30 Double-Bit Axe
23:04 Gold Mining
22:59 Fishing Lines
23:40 Forging
23:54 Scale Barding Armor
28:23 Castle Age
26:59 Stone Mining
28:58 Pikeman
Connection lost

Rejoining the realm…

Still unreachable

The connection could not be restored.

Session expired

The server has moved on; the page needs a fresh start.